 Dungeon Crawl Stone Soup version 0.22.1-1-ga44c0e56f4 (webtiles) character file.

23435 Peloso the Carver (level 12, -1/110 HPs)
             Began as a Minotaur Fighter on Oct 31, 2018.
             Was a High Priest of Okawaru.
             Slain by a spiny frog (19 damage)
             ... on level 3 of the Lair of Beasts.
             The game lasted 00:37:26 (14578 turns).

Peloso the Carver (Minotaur Fighter)               Turns: 14578, Time: 00:37:27

Health: -1/110     AC: 18    Str: 26    XL:     12   Next: 71%
Magic:  11/11      EV:  8    Int:  5    God:    Okawaru [*****.]
Gold:   318        SH: 14    Dex: 13    Spells: 11/11 levels left

rFire    . . .     SeeInvis .   a - +4 long sword (holy)
rCold    . . .     Gourm    .   c - +1 shield
rNeg     . . .     Faith    .   b - +0 plate armour
rPois    .         Spirit   .   (helmet restricted)
rElec    .         Reflect  .   (no cloak)
rCorr    +         Harm     +   N - +0 pair of gloves {Str+3}
MR       .....                  L - +0 pair of boots "Hiebee" {rCorr Slay+3}
Stlth    ..........             r - amulet of harm
HPRegen  0.28/turn              n - ring of resist corrosion
MPRegen  0.12/turn              v - ring of stealth

@: no status effects
A: retaliatory headbutt, horns 2
a: Heroism, Finesse, Renounce Religion


You were on level 3 of the Lair of Beasts.
You worshipped Okawaru.
Okawaru was extremely pleased with you.
You were not hungry.

You visited 3 branches of the dungeon, and saw 15 of its levels.
You also visited: Sewer.

You collected 765 gold pieces.
You spent 447 gold pieces at shops.

Inventory:

Hand Weapons
 a - a +4 long sword of holy wrath (weapon)
 k - a +0 hand axe of flaming
Armour
 b - a +0 plate armour (worn)
 c - a +1 shield (worn)
 L - the +0 pair of boots "Hiebee" (worn) {rCorr Slay+3}
   (Okawaru gifted it to you on level 11 of the Dungeon)

   It affects your accuracy and damage with ranged weapons and melee attacks
   (+3).
   It provides partial protection from all sources of acid and corrosion.
 N - a +0 pair of gloves of strength (worn)
 O - the +2 chain mail of Baldness {SInv}
   (You found it on level 2 of the Lair of Beasts)

   It lets you see invisible.
Jewellery
 n - a ring of resist corrosion (left hand)
 r - an amulet of harm (around neck)
 v - a ring of stealth (right hand)
Wands
 o - a wand of disintegration (13)
 s - a wand of flame (15)
 B - a wand of polymorph (11)
 G - a wand of random effects (27)
 I - a wand of iceblast (6)
 J - a wand of digging (9)
 K - a wand of paralysis (21)
Scrolls
 g - 3 scrolls of fear
 j - 5 scrolls of remove curse
 l - 2 scrolls of teleportation
 p - a scroll of brand weapon
 q - 6 scrolls of identify
 t - 3 scrolls of enchant weapon
 x - 5 scrolls of magic mapping
 y - a scroll of fog {unknown}
 C - a scroll of enchant armour
 D - 3 scrolls of random uselessness {unknown}
 F - a scroll of holy word {unknown}
 H - 2 scrolls of amnesia
Potions
 d - 6 potions of might
 e - 2 potions of haste
 h - 4 potions of curing
 i - 3 potions of ambrosia
 m - a potion of berserk rage
 u - 6 potions of heal wounds
 w - 7 potions of flight
 z - 3 potions of cancellation {unknown}
 A - 2 potions of agility {unknown}
 E - 2 potions of resistance {unknown}
Miscellaneous
 M - a box of beasts
Comestibles
 f - 19 rations


   Skills:
 + Level 11.0 Fighting
 + Level 14.6 Long Blades
 + Level 2.2 Axes
 + Level 12.5 Armour
 + Level 2.7 Dodging
 + Level 1.4 Stealth
 + Level 12.6 Shields
 + Level 0.8 Invocations


You had 11 spell levels left.
You didn't know any spells.
Your spell library contained the following spells:

 Spells                   Type           Power        Failure   Level  Hunger
 Beastly Appendage        Tmut           #.....       99%         1    ##.....
 Sticks to Snakes         Tmut           #.......     100%        2    ###....
 Spider Form              Tmut/Pois      #.........   100%        3    ####...
 Ice Form                 Ice/Tmut       #.......     100%        4    #####..
 Blade Hands              Tmut           #.........   100%        5    ######.


Dungeon Overview and Level Annotations

Branches:
Dungeon (11/15)            Temple (1/1) D:7            Lair (3/6) D:11
    Orc (0/2) D:11
  Swamp: Lair:2-4    Shoals: Lair:2-4     Snake: Lair:2-4    Spider: Lair:2-4

Altars:
Ashenzari
Cheibriados
Dithmenos
Elyvilon
Fedhas
Gozag
Hepliaklqana
Makhleb
Okawaru
Qazlal
Ru
Sif Muna
Trog
Uskayaw
Vehumet
Xom
Yredelemnul
The Shining One

Shops:
D:4 :   D:7 [   D:11 *

Portals:
Trove: D:11 (give +3 gold dragon scales)


Innate Abilities, Weirdness & Mutations

You reflexively headbutt those who attack you in melee.
You have a pair of horns on your head.


Message History

You slash the spiny frog! Your headbutt misses the spiny frog.
The spiny frog is almost dead.
The yak gores you but does no damage. You block the yak's attack.
You block the water moccasin's attack. The spiny frog barely misses you.
Unknown command.
You hit the spiny frog. Your headbutt misses the spiny frog.
The spiny frog is almost dead.
You block the water moccasin's attack. The yak closely misses you.
Unknown command.
Your plate armour prevents you from hitting the spiny frog.
The spiny frog is almost dead.
You block the spiny frog's attack. You block the yak's attack.
The water moccasin bites you.
* * * LOW HITPOINT WARNING * * *
You block the yak's attack.
Unknown command.
You completely miss the spiny frog.
The spiny frog is almost dead.
The spiny frog stings you!
You die...

####### ### ###
..P#PP.#..##..##
.................
.................
.................
.)...............
...<..YY.........
.....kF@.........
......S..........
#.#####.P........
###........
#........
##........
#.........
##........
##........


You could see 2 yaks, a spiny frog, a rime drake and a water moccasin.

Vanquished Creatures
  3 hydras
  A two-headed ogre (D:9)
  Urug (D:11)
  An unseen horror (D:10)
  2 cyclopes
  A black mamba (Lair:1)
  8 spiny frogs
  A rime drake (Lair:2)
  5 komodo dragons
  A hornet (D:9)
  3 hippogriffs
  Grinder (D:6)
  A wyvern (Lair:1)
  36 yaks
  2 hungry ghosts
  A basilisk (Lair:1)
  3 water moccasins
  6 porcupines
  2 sky beasts
  6 orc warriors
  3 ice beasts
  3 phantoms
  5 ogres
  8 centaurs
  5 crocodiles
  2 big kobolds
  12 bullfrogs
  A wyvern skeleton (D:11)
  4 scorpions
  23 killer bees
  6 wights
  7 howler monkeys
  A bullfrog zombie (D:6)
  6 crimson imps
  2 jellies (D:10)
  10 hounds
  7 orc priests
  Crazy Yiuf (D:6)
  4 bullfrog skeletons
  4 iguanas
  9 orc wizards
  8 worker ants
  A killer bee zombie (D:7)
  2 hound skeletons
  A worker ant zombie (D:6)
  A howler monkey zombie (D:9)
  13 adders
  3 gnolls (D:9)
  A river rat (D:4)
  4 shadow imps
  An ooze (D:1)
  An adder zombie (D:9)
  2 adder skeletons
  3 worms
  2 dart slugs
  5 leopard geckos
  43 orcs
  7 ball pythons
  8 bats
  2 giant cockroaches
  6 goblins
  8 hobgoblins
  12 jackals
  25 kobolds
  4 quokkas
  5 frilled lizards
  15 rats
  A fungus (D:6)
392 creatures vanquished.

Notes
Turn   | Place    | Note
-------+----------+-------------------------------------------
     0 | D:1      | Peloso the Minotaur Fighter began the quest for the Orb.
     0 | D:1      | Reached XP level 1. HP: 19/19 MP: 0/0
   153 | D:1      | Reached XP level 2. HP: 23/27 MP: 1/1
   215 | D:1      | Reached skill level 3 in Long Blades
   669 | D:2      | Reached XP level 3. HP: 33/33 MP: 2/2
   832 | D:2      | Found a shimmering altar of Xom.
  1199 | D:3      | Reached XP level 4. HP: 40/40 MP: 3/3
  1359 | D:3      | Reached skill level 4 in Long Blades
  1516 | D:3      | Reached XP level 5. HP: 47/47 MP: 4/4
  1628 | D:3      | Reached skill level 5 in Fighting
  2008 | D:4      | Noticed an ogre
  2016 | D:4      | Killed an ogre
  2016 | D:4      | Reached skill level 5 in Long Blades
  2016 | D:4      | Reached XP level 6. HP: 28/56 MP: 5/5
  2084 | D:4      | Reached skill level 5 in Armour
  2134 | D:4      | Reached skill level 6 in Long Blades
  2134 | D:4      | Reached skill level 1 in Dodging
  2149 | D:4      | Found a glowing drain.
  2170 | Sewer    | Entered a sewer
  2286 | Sewer    | Reached XP level 7. HP: 59/61 MP: 6/6
  2399 | Sewer    | Reached skill level 5 in Shields
  2726 | D:4      | Found Liosauna's Book Shop.
  2733 | D:4      | Reached skill level 7 in Long Blades
  2965 | D:5      | Entered Level 5 of the Dungeon
  3264 | D:5      | Reached XP level 8. HP: 36/70 MP: 7/7
  3749 | D:5      | Reached skill level 8 in Long Blades
  4129 | D:5      | Found a deep blue altar of Sif Muna.
  4468 | D:6      | Noticed Grinder
  4470 | D:6      | Paralysed by Grinder for 4 turns
  4479 | D:6      | Paralysed by Grinder for 4 turns
  4487 | D:6      | Killed Grinder
  4487 | D:6      | Reached skill level 9 in Long Blades
  4487 | D:6      | Reached XP level 9. HP: 60/78 MP: 8/8
  4763 | D:6      | Reached skill level 10 in Long Blades
  5534 | D:6      | Found a runed door.
  5538 | D:6      | Noticed Crazy Yiuf
  5542 | D:6      | Killed Crazy Yiuf
  5583 | D:7      | Found Koroisuett's Antique Armour Shop.
  5608 | D:7      | Bought a pair of crude gloves for 247 gold pieces
  5621 | D:7      | Identified the cursed -6 pair of gloves of Hangman {rPois
                  | Int+4} (You bought it in a shop on level 7 of the Dungeon)
  5717 | D:7      | Found a staircase to the Ecumenical Temple.
  5732 | Temple   | Entered the Ecumenical Temple
  5792 | Temple   | Became a worshipper of Warmaster Okawaru
  6328 | D:7      | Reached * piety under Okawaru
  6978 | D:8      | Reached XP level 10. HP: 80/88 MP: 9/9
  7101 | D:8      | Reached skill level 11 in Long Blades
  7573 | D:8      | Found a blossoming altar of Fedhas.
  7576 | D:8      | Found an opulent altar of Gozag.
  7579 | D:8      | Found a shadowy altar of Dithmenos.
  7592 | D:8      | Reached ** piety under Okawaru
  7708 | D:8      | Found a glowing golden altar of the Shining One.
  8144 | D:9      | Noticed a two-headed ogre
  8155 | D:9      | Killed a two-headed ogre
  8853 | D:9      | Reached *** piety under Okawaru
  8853 | D:9      | Reached skill level 10 in Shields
  9025 | D:9      | Paralysed by a hornet for 3 turns
  9032 | D:9      | Reached skill level 12 in Long Blades
  9777 | D:10     | Entered Level 10 of the Dungeon
  9867 | D:10     | Noticed a cyclops
  9874 | D:10     | Killed a cyclops
  9903 | D:10     | Reached skill level 10 in Armour
  9913 | D:10     | Reached XP level 11. HP: 80/97 MP: 10/10
 10427 | D:11     | Found a portal to a secret trove of treasure.
 10469 | D:10     | Reached **** piety under Okawaru
 11071 | D:11     | Found a staircase to the Lair.
 11219 | D:11     | Noticed a five-headed hydra
 11334 | D:10     | Killed a one-headed hydra
 11345 | D:10     | Killed an unseen horror
 11893 | D:11     | Reached skill level 13 in Long Blades
 11938 | D:11     | Reached ***** piety under Okawaru
 11995 | D:11     | Noticed Urug
 12013 | D:10     | Reached skill level 10 in Fighting
 12188 | D:11     | Killed Urug
 12188 | D:11     | Reached skill level 1 in Stealth
 12208 | D:11     | Reached skill level 1 in Axes
 12226 | D:11     | Received a gift from Okawaru
 12236 | D:11     | Got a pair of shimmering boots {god gift}
 12244 | D:11     | Identified the +0 pair of boots "Hiebee" {rCorr Slay+3}
                  | (Okawaru gifted it to you on level 11 of the Dungeon)
 12599 | D:11     | Found a staircase to the Orcish Mines.
 12730 | D:11     | Found Fos Quag's General Store.
 12733 | D:11     | Bought a scroll of brand weapon for 200 gold pieces
 12826 | Lair:1   | Entered Level 1 of the Lair of Beasts
 12843 | Lair:1   | Noticed a seven-headed hydra
 12853 | Lair:1   | Killed a four-headed hydra
 12886 | Lair:1   | Reached XP level 12. HP: 74/107 MP: 11/11
 12992 | Lair:1   | Noticed a four-headed hydra
 12999 | Lair:1   | Killed a one-headed hydra
 13229 | Lair:1   | Reached skill level 14 in Long Blades
 13689 | Lair:2   | Got a warped chain mail
 13700 | Lair:2   | Identified the +2 chain mail of Baldness {SInv} (You found
                  | it on level 2 of the Lair of Beasts)
 13897 | Lair:2   | Received a gift from Okawaru
 14578 | Lair:3   | Slain by a spiny frog

Skill      XL: |  1  2  3  4  5  6  7  8  9 10 11 12 |
---------------+-------------------------------------+-----
Fighting       | 4 5 6 8 9 10 11 | 11.0
Long Blades    | 3 4 5 6 7 9 10 12 13 14 | 14.6
Armour         | 4 5 7 8 10 11 12 | 12.5
Shields        | 4 6 7 9 10 11 12 | 12.6
Dodging        | 1 2 |  2.7
Stealth        | 1 |  1.4
Axes           | 1 2 |  2.2
Invocations    | |  0.8

Action                   |  1- 3 |  4- 6 |  7- 9 | 10-12 || total
-------------------------+-------+-------+-------+-------++-------
Melee: Long sword        |    75 |   123 |   385 |   597 ||  1180
       Headbutt          |    10 |    23 |    68 |   127 ||   228
       Hand axe          |       |       |       |    19 ||    19
Invok: Heroism           |       |       |       |     8 ||     8
  Use: Scroll            |       |     7 |     9 |     5 ||    21
       Potion            |       |     1 |     4 |     2 ||     7
  Eat: Chunk             |     1 |     4 |    11 |    20 ||    36
       Ration            |       |       |     1 |     2 ||     3
Armor: Scale mail        |    50 |    58 |    35 |       ||   143
       Plate armour      |       |       |   162 |   236 ||   398
Dodge: Dodged            |    25 |    32 |   115 |   148 ||   320
Block: Shield            |    41 |    61 |   242 |   395 ||   739
       Rpst.: Long sword |    10 |     9 |    32 |    27 ||    78
